 Dungeon Crawl Stone Soup version 0.24.0-13-gcf9b319 (webtiles) character file.

Game seed: 8099254087388416526, levelgen mode: deterministic

1785934 Rwitter the Conqueror (level 27, 189/273 HPs)
             Began as a Minotaur Berserker on Feb 18, 2020.
             Was a High Priest of Trog.
             Escaped with the Orb
             ... and 3 runes on Feb 19, 2020!
             The game lasted 04:26:04 (66730 turns).

Rwitter the Conqueror (Minotaur Berserker)         Turns: 66730, Time: 04:26:04

Health: 189/273    AC: 44    Str: 29      XL:     27
Magic:  33/33      EV: 31    Int: 12      God:    Trog [*****.]
Gold:   7244       SH: 21    Dex: 24 (25) Spells: 26/26 levels left

rFire    + + .     SeeInvis .   a - +8 war axe of the Absolute Madman {protect, *Corrode +Blink rC+ Int+3}
rCold    + + .     Gourm    .   h - +1 shield {reflect}
rNeg     + + +     Faith    .   H - +8 gold dragon scales
rPois    +         Spirit   +   (helmet restricted)
rElec    +         Reflect  +   p - +0 cloak of Hyurugeh {Dex+8}
rCorr    .         Harm     .   C - +2 pair of gloves "Susik" {rC+ Str-5 Slay+2}
MR       +++..                  K - +1 pair of boots of Xarenu Liwo {rElec MR+ Int+3}
Stlth    ..........             W - amulet of guardian spirit
HPRegen  0.55/turn              O - ring of Weater {rPois rN+ EV+2 Int+2}
MPRegen  0.23/turn              E - ring of the Barracuda {Fire rN++ Dex+2}

@: no status effects
A: retaliatory headbutt, beak, horns 2, agile 1, deterioration 1, high mp 1,
strong 1, sturdy frame 1
0: Orb of Zot
}: 3/15 runes: decaying, silver, gossamer
a: Berserk, Trog's Hand, Brothers in Arms, Renounce Religion, Evoke Blink


You escaped.
You worshipped Trog.
Trog was extremely pleased with you.
You were near starving.

You visited 12 branches of the dungeon, and saw 53 of its levels.
You also visited: Ossuary.

You collected 8178 gold pieces.
You spent 934 gold pieces at shops.

Inventory:

Hand Weapons
 a - the +8 war axe of the Absolute Madman (weapon) {protect, *Corrode +Blink rC+ Int+3}
   (You found it on level 2 of the Elven Halls)

   It grants its wielder temporary protection when it strikes (+7 to AC).
   It affects your intelligence (+3).
   It protects you from cold.
   It lets you blink.
   It may corrode you when you take damage.
Armour
 h - a +1 shield of reflection (worn)
 p - the +0 cloak of Hyurugeh (worn) {Dex+8}
   (You bought it in a shop on level 1 of the Elven Halls)

   It affects your dexterity (+8).
 C - the +2 pair of gloves "Susik" (worn) {rC+ Str-5 Slay+2}
   (You bought it in a shop on level 1 of the Elven Halls)

   It affects your strength (-5).
   It affects your accuracy and damage with ranged weapons and melee attacks
   (+2).
   It protects you from cold.
 H - +8 gold dragon scales (worn)
 K - the +1 pair of boots of Xarenu Liwo (worn) {rElec MR+ Int+3}
   (You acquired it on level 1 of the Swamp)

   It affects your intelligence (+3).
   It insulates you from electricity.
   It affects your resistance to hostile enchantments.
 M - a +1 hat of intelligence
Jewellery
 b - the ring of Rivij {MR++ Int+4 Stlth-}
   (You took it off an entropy weaver on level 5 of the Vaults)

   [ring of attention]

   It affects your intelligence (+4).
   It affects your resistance to hostile enchantments.
   It makes you less stealthy.
 o - the ring "Idisemih" {rCorr Int+5}
   (You took it off a deep elf sorcerer on level 3 of the Elven Halls)

   [ring of resist corrosion]

   It affects your intelligence (+5).
   It provides partial protection from all sources of acid and corrosion.
 B - the ring "Poho" {+Inv MR+ Int+3 Dex+4}
   (You found it on level 1 of the Realm of Zot)

   [ring of protection from magic]

   It affects your intelligence (+3).
   It affects your dexterity (+4).
   It affects your resistance to hostile enchantments.
   It lets you turn invisible.
 E - the ring of the Barracuda (right hand) {Fire rN++ Dex+2}
   (You found it on level 1 of the Lair of Beasts)

   [ring of fire]

   It enhances your fire magic.
   It affects your dexterity (+2).
   It protects you from fire.
   It makes you vulnerable to cold.
   It greatly protects you from negative energy.
 F - an uncursed ring of stealth
 L - an uncursed amulet of faith
 O - the ring of Weater (left hand) {rPois rN+ EV+2 Int+2}
   (You found it on level 1 of the Realm of Zot)

   [ring of evasion]

   It affects your evasion (+2).
   It affects your intelligence (+2).
   It protects you from poison.
   It protects you from negative energy.
 W - an amulet of guardian spirit (around neck)
Wands
 j - a wand of random effects (16)
 u - a wand of paralysis (37)
 y - a wand of flame (14)
 z - a wand of iceblast (75)
 I - a wand of scattershot (13)
 N - a wand of acid (22)
 Q - a wand of disintegration (40)
Scrolls
 d - 3 scrolls of enchant weapon
 e - 35 scrolls of remove curse
 l - 4 scrolls of fear
 n - 2 scrolls of blinking
 r - 9 scrolls of magic mapping
 w - 16 scrolls of teleportation
 A - 2 scrolls of torment
 D - 12 scrolls of identify
 P - 7 scrolls of silence
 R - 5 scrolls of holy word
 S - a scroll of enchant armour
 Y - 4 scrolls of fog
Potions
 f - 2 potions of berserk rage
 g - 2 potions of invisibility
 i - 7 potions of agility
 m - 3 potions of might
 q - 4 potions of cancellation
 s - 6 potions of curing
 t - 3 potions of magic
 v - 6 potions of flight
 x - 7 potions of mutation
 G - 2 potions of resistance
 J - 11 potions of brilliance
 Z - 8 potions of ambrosia
Miscellaneous
 k - a phial of floods
Comestibles
 c - 63 rations


   Skills:
 O Level 27 Fighting
 - Level 18.0 Axes
 O Level 27 Armour
 + Level 26.5 Dodging
 - Level 25.0 Shields
 - Level 10.9 Evocations


You had 26 spell levels left.
You didn't know any spells.
Your spell library was empty.

Dungeon Overview and Level Annotations

Branches:
Dungeon (15/15)            Temple (0/1) D:4            Lair (6/6) D:11
  Swamp (4/4) Lair:2       Spider (4/4) Lair:2        Slime (0/5) Lair:6
    Orc (2/2) D:10            Elf (3/3) Orc:2        Vaults (5/5) D:14
  Crypt (0/3) Vaults:2     Depths (5/5) D:15           Hell (visited)
    Dis (1/7) Hell            Geh (2/7) Hell            Tar (0/7) Hell
    Zot (5/5) Depths:5    Ossuary (visited)
    Coc: Hell:1

Altars:
Cheibriados
Makhleb
Okawaru
Ru
Vehumet
Wu Jian
Xom
Beogh
Jiyva

Shops:
D:4 [   D:11 %   D:14 !   Orc:2 !=!:   Elf:1 [   Vaults:5 :   Depths:4 }=}

Portals:
Hell: Depths:1 Depths:2 Depths:3 Depths:4 Depths:5
Abyss: Depths:4
Pandemonium: Depths:3
Ziggurat: Depths:3
Trove: D:14 (give +4 shadow dragon scales)

Annotations:
D:15 3 runed translucent doors, Inchmeat's ghost, journeyman HOGl
Depths:1 3 runed translucent doors
Depths:3 exclusion: obsidian statue
Hell exclusion: 2 ice statues


Innate Abilities, Weirdness & Mutations

You reflexively headbutt those who attack you in melee.
You have a pair of horns on your head.
You have a beak for a mouth.
You are agile. (Dex +2)
Your body sometimes deteriorates upon taking damage.
You have an increased reservoir of magic. (+10% MP)
Your muscles are strong. (Str +2)
Your movements are slightly less encumbered by armour. (ER -2)


Message History

A mysterious force pulls you upwards. The hatch slams shut behind you.
Your skin stops crawling.
You feel less resistant to hostile enchantments.
A sixfirhy and a cacodemon come into view.
The cacodemon gestures at the rock wall.
You hear a grinding noise.
You block the sixfirhy's attack. The sixfirhy misses you.
You furiously retaliate!
You headbutt the sixfirhy!! The sixfirhy closely misses you.
The sixfirhy misses you. You furiously retaliate!
You headbutt the sixfirhy!!
You kill the sixfirhy!
Trog accepts your kill.
There is a stone staircase leading up here.
You climb upwards.
There is a stone staircase leading down here.
There is a stone staircase leading down here.
Magic restored.
You are near starving!
There is a staircase leading out of the dungeon here.
You have escaped!

#......#.##..# #.#
#######..###.# #.#
####...## #.# #.#
###....### #.# #.#
##...#### #.###.#
#..### #..##.#
#.## ##>##.#
#.#♣♣♣♣♣♣♣♣♣
#.##.#
#..♣@......♣
#.##.#
##.♣♣PPPPP.♣
#.##.# #...P≈≈≈P.♣
#.##.# ##♣.P≈8≈P.♣
#..#.## ♣.P≈≈≈P.♣
##...>..
♣.PPPPP.♣##.......
♣.......♣#........
♣♣♣♣♣♣♣♣♣#...^....
#........


There were no monsters in sight!

Vanquished Creatures
  3 orbs of fire
  Mara (Swamp:4)
  13 ancient liches
  A juggernaut (Zot:5)
  Sojobo (Vaults:4)
  5 Killer Klowns
  Frederick (Vaults:4)
  Margery (Vaults:4)
  2 curse toes
  Geryon (Hell)
  7 golden dragons
  Nikola (Swamp:4)
  3 pandemonium lords
  The ghost of colesbury the Brawler, an adept TrMo of Hepliaklqana (Vaults:3)
  4 electric golems
  2 bone dragons
  Arachne (Spider:3)
  A Tzitzimitl (Depths:3)
  Jorgrun (Spider:3)
  3 hellephants
  19 tentacled monstrosities
  28 Orb Guardians
  2 deep elf blademasters (Elf:3)
  4 titans
  8 quicksilver dragons
  3 liches
  15 death cobs
  Frances (D:12)
  2 sphinxes
  An Executioner (Dis:1)
  A thorn hunter (Swamp:4)
  7 tengu reavers
  6 shadow dragons
  Gastronok (D:9)
  16 storm dragons
  Donald (Elf:2)
  The ghost of krigyl the Warrior, a journeyman MiBe of Trog (Spider:1)
  Kirke (Swamp:4)
  A revenant (Hell)
  8 draconian knights
  7 fire giants
  5 draconian monks
  An iron dragon (Vaults:5)
  7 frost giants
  2 cacodemons
  11 deep elf sorcerers
  15 vault wardens
  5 ghost moths
  8 draconian scorchers
  3 orc warlords
  Louise (Spider:2)
  8 emperor scorpions
  2 balrugs
  5 deep elf elementalists
  8 war gargoyles
  8 draconian shifters
  9 reapers
  16 ironheart preservers
  6 draconian annihilators
  4 draconian stormcallers (Zot:3)
  16 stone giants
  The ghost of Juep Idu the Cleaver, a journeyman DDFi of Makhleb (Orc:1)
  12 very ugly things
  7 black draconians
  13 purple draconians
  6 deep elf demonologists
  A lorocyproca (Depths:3)
  9 entropy weavers
  A vampire knight (Depths:2)
  Nessos (Lair:5)
  12 green draconians
  6 deep elf annihilators
  3 dire elephants (Zot:2)
  12 yellow draconians
  A minotaur (Orc:1)
  12 white draconians
  2 dire elephants (shapeshifter) (Depths:3)
  9 red draconians
  18 ettins
  A green death (Zot:5)
  2 spark wasps (Spider:4)
  16 crystal guardians (Depths:3)
  Josephine (Swamp:1)
  4 blizzard demons
  Snorg (D:14)
  A merfolk javelineer (Elf:3)
  A quicksilver dragon zombie (Depths:2)
  8 deep elf death magi
  15 fire dragons
  A merfolk impaler (Orc:1)
  5 deep elf high priests
  16 yaktaur captains
  16 great orbs of eyes
  10 ogre magi
  8 rakshasas
  7 ice dragons
  Harold (D:7)
  14 hydras
  32 vault guards
  A spriggan air mage (Depths:2)
  2 shambling mangroves
  A hell beast (D:14)
  A ghost crab (Swamp:4)
  4 catoblepae (Lair:6)
  A quicksilver dragon skeleton (Geh:2)
  24 two-headed ogres
  6 centaur warriors
  9 death yaks (Lair:6)
  5 tengu warriors
  A death knight (Vaults:4)
  46 dancing weapons
  11 deep troll shamans
  10 alligators
  Urug (D:13)
  13 hell hogs
  8 deep troll earth magi
  4 soul eaters
  2 titan zombies
  18 deep elf knights
  31 hell knights
  6 sun demons
  2 iron golems (Depths:3)
  Nergalle (D:10)
  Sonja (Orc:1)
  4 iron trolls
  An anaconda zombie (Dis:1)
  7 glowing orange brains
  A salamander mystic (Depths:4)
  7 wizards
  A sixfirhy (D:2)
  10 skeletal warriors (Dis:1)
  A golden dragon zombie (Dis:1)
  2 unseen horrors (Vaults:1)
  31 deep trolls
  A ghost moth zombie (Geh:2)
  A deep troll (shapeshifter) (Vaults:5)
  2 spriggan druids (Swamp:4)
  12 swamp dragons
  2 flayed ghosts
  A storm dragon skeleton (Geh:2)
  2 obsidian statues (Depths:3)
  A glowing orange brain (shapeshifter) (Depths:3)
  3 lindwurms (Swamp:4)
  20 orc knights
  2 wolf spider zombies
  16 deep elf archers
  10 harpies
  15 ironbrand convokers
  2 anaconda skeletons
  A shadow dragon zombie (Geh:1)
  3 harpies (shapeshifter)
  9 necromancers
  A glowing shapeshifter (Vaults:5)
  18 orb spiders
  24 wolf spiders
  7 cyclopes
  2 orc sorcerers
  A shining eye (shapeshifter) (Depths:3)
  4 manticores
  An iron dragon zombie (Geh:1)
  38 ugly things
  3 salamanders (Depths:4)
  69 deep elf magi
  An iron dragon skeleton (Geh:2)
  24 moths of wrath
  An elephant (shapeshifter) (Vaults:5)
  12 elephants
  A stone giant zombie (Dis:1)
  A manticore (shapeshifter) (Depths:3)
  4 centaur zombies
  A guardian serpent (shapeshifter) (Vaults:5)
  9 rust devils
  A black mamba (Lair:6)
  Maurice (D:11)
  12 vault sentinels
  A dire elephant skeleton (Dis:1)
  5 molten gargoyles (Depths:3)
  4 smoke demons
  A black mamba (shapeshifter) (Vaults:2)
  An orange demon (Hell)
  19 spiny frogs
  12 demonic crawlers
  4 rime drakes
  12 komodo dragons
  A kobold demonologist (D:14)
  An efreet (Geh:2)
  3 ice devils (Dis:1)
  A rime drake (shapeshifter) (Depths:4)
  6 hellions
  65 yaktaurs
  A hellwing (Zot:5)
  2 komodo dragons (shapeshifter)
  6 freezing wraiths
  5 tormentors (Dis:1)
  3 hydra zombies
  7 trolls
  An emperor scorpion zombie (Geh:2)
  A queen bee (shapeshifter) (Elf:2)
  12 red devils
  3 tengu conjurers (Depths:4)
  2 meliai (shapeshifter)
  A jumping spider (shapeshifter) (Depths:2)
  3 tyrant leeches
  27 jumping spiders
  3 meliai (D:15)
  2 hornets (shapeshifter) (Depths:3)
  2 tengu simulacra (Depths:2)
  29 slime creatures
  A shadow dragon simulacrum (Vaults:3)
  2 wind drakes (Depths:3)
  A harpy skeleton (D:15)
  6 bog bodies
  2 meliai zombies
  12 hornets
  An ice dragon zombie (Geh:1)
  A hydra skeleton (Hell)
  13 hippogriffs
  A hippogriff (shapeshifter) (Depths:3)
  3 raiju (Depths:3)
  A slime creature (shapeshifter) (Depths:3)
  9 blink frogs
  3 ettin zombies (Geh:1)
  A black mamba zombie (Dis:1)
  11 dream sheep
  17 flying skulls
  7 air elementals
  An ice dragon skeleton (Geh:1)
  76 redbacks
  33 tarantellas
  2 wyverns
  7 spriggans
  A small abomination (Depths:2)
  20 fire elementals
  3 hogs
  6 humans
  A tarantella (shapeshifter) (D:13)
  11 water elementals
  A fire dragon skeleton (Geh:1)
  A basilisk (shapeshifter) (Vaults:2)
  A yak (shapeshifter) (Vaults:3)
  11 shadows
  56 yaks
  2 vampires
  10 wraiths
  4 fire bats (Geh:2)
  Grum (D:9)
  3 hungry ghosts
  A steam dragon (shapeshifter) (Depths:5)
  17 vampire mosquitoes
  4 basilisks
  A neqoxec (Depths:1)
  14 swamp worms
  8 insubstantial wisps
  Menkaure (Ossuary)
  2 acid dragons
  9 wargs
  A floating eye (Depths:2)
  11 porcupines
  9 water moccasins
  23 hell hounds
  A hydra simulacrum (Hell)
  A floating eye (shapeshifter) (Depths:3)
  12 swamp drakes
  5 ice beasts
  63 orc warriors
  A porcupine (shapeshifter) (Depths:3)
  5 sky beasts
  A spiny frog skeleton (Geh:2)
  A swamp dragon zombie (Swamp:4)
  2 phantoms
  A sky beast (shapeshifter) (Depths:5)
  An alligator simulacrum (Swamp:4)
  A black bear (D:7)
  A hornet zombie (D:11)
  An ettin simulacrum (Vaults:2)
  24 ogres
  11 boggarts
  2 necrophages
  18 wolves
  11 centaurs
  18 crocodiles
  3 big kobolds
  8 earth elementals
  19 bullfrogs
  A wyvern zombie (D:12)
  An elf skeleton (Dis:1)
  3 glowing shapeshifter simulacra (Vaults:2)
  A spiny frog simulacrum (Hell)
  5 scorpions
  52 wights
  5 killer bees (D:11)
  A howler monkey (D:9)
  9 crimson imps
  An electric eel (D:11)
  4 jellies
  2 bullfrog zombies
  A quasit (D:9)
  A yaktaur simulacrum (Vaults:1)
  12 orc priests
  8 hounds
  6 iron imps
  Terence (D:2)
  5 bullfrog skeletons
  6 centaur skeletons
  27 orc wizards
  2 iguanas
  12 worker ants
  Natasha (twice) (D:2)
  A crocodile zombie (Swamp:4)
  7 mummies
  A howler monkey zombie (D:5)
  11 gnolls
  A howler monkey skeleton (D:4)
  8 adders
  6 shadow imps
  A white imp (Hell)
  An ooze (D:3)
  An adder skeleton (D:9)
  5 worms
  2 dart slugs
  5 leopard geckos
  126 orcs
  2 ball pythons
  9 giant cockroaches
  2 gnoll zombies (Ossuary)
  12 goblins
  10 hobgoblins
  21 jackals
  12 kobolds
  4 quokkas
  A quokka (shapeshifter) (Depths:3)
  A ball python skeleton (D:5)
  10 bats
  7 frilled lizards
  2 gnoll skeletons (Ossuary)
  4 goblin skeletons (Ossuary)
  5 goblin zombies (Ossuary)
  4 hobgoblin skeletons (Ossuary)
  7 hobgoblin zombies (Ossuary)
  4 kobold skeletons (Ossuary)
  4 kobold zombies (Ossuary)
  A leopard gecko skeleton (D:8)
  5 orc skeletons (Ossuary)
  4 orc zombies (Ossuary)
  2 quokka zombies (D:5)
  11 rats
  6 rat skeletons (Ossuary)
  3 rat zombies (Ossuary)
  A fungus (Lair:6)
  5 plants (Depths:1)
2629 creatures vanquished.

Vanquished Creatures (collateral kills)
  A deep elf blademaster (Elf:2)
  A sphinx (Vaults:4)
  The ghost of Yjimoseergh the Spry, an adept SpFE of Dithmenos (Vaults:3)
  A frost giant (Elf:3)
  The ghost of billybob the Peltast, a journeyman GrFi of Okawaru (Elf:3)
  A stone giant (Orc:2)
  11 hydras
  A naga warrior (Orc:1)
  2 centaur warriors
  2 tengu warriors (Orc:1)
  3 dancing weapons (Elf:2)
  A deep elf knight (Elf:2)
  A hell knight (Vaults:4)
  A deep elf archer (Elf:3)
  2 deep elf magi (Elf:2)
  2 orc knights
  3 elephants (Lair:2)
  A rime drake (Lair:6)
  A komodo dragon (Lair:4)
  A hippogriff (Lair:4)
  6 yaks
  A swamp worm (Swamp:1)
  A porcupine (Lair:4)
  2 orc warriors (Orc:2)
  2 crocodiles
  A gnoll (Orc:2)
  4 orcs (Orc:2)
  A fungus (Lair:4)
56 creatures vanquished.

Vanquished Creatures (others)
  3 deep elf master archers (Elf:3)
  A ghost moth (Spider:4)
  A draconian knight (Zot:2)
  A stone giant (Vaults:5)
  A deep elf death mage (Vaults:5)
  2 yaktaur captains
  A centaur warrior (Depths:2)
  A dancing weapon (Depths:3)
  A hell hog (Hell)
  A titan skeleton (Depths:2)
  A spriggan druid (Swamp:4)
  2 deep elf archers
  A deep elf mage (Vaults:5)
  A slime creature (Swamp:4)
  9 yaktaurs
  A tyrant leech (Swamp:4)
  A human simulacrum (Vaults:3)
  A flying skull (Geh:2)
  A water elemental (Depths:3)
  4 humans (Swamp:4)
  A boggart (Depths:2)
  2 wights (Dis:1)
  An iron imp (Dis:1)
  A white imp (Hell)
  13 ball lightnings (Depths:3)
  A kobold (D:11)
  2 fungi
  7 plants
  2 withered plants (Vaults:3)
65 creatures vanquished.

Grand Total: 2750 creatures vanquished

Notes
Turn   | Place    | Note
-------+----------+-------------------------------------------
     0 | D:1      | Rwitter the Minotaur Berserker began the quest for the Orb.
     0 | D:1      | Reached XP level 1. HP: 19/19 MP: 0/0
    94 | D:1      | Reached XP level 2. HP: 18/26 MP: 1/1
   329 | D:1      | Found a snail-covered altar of Cheibriados.
   447 | D:1      | Reached ** piety under Trog
   567 | D:1      | Reached skill level 5 in Axes
   725 | D:2      | Reached XP level 3. HP: 24/31 MP: 2/2
   919 | D:2      | Noticed Natasha
   923 | D:2      | Killed Natasha
   932 | D:2      | Reached XP level 4. HP: 39/39 MP: 3/3
  1068 | D:2      | Noticed Natasha
  1071 | D:2      | Killed Natasha
  1147 | D:2      | Noticed Terence
  1154 | D:2      | Killed Terence
  1154 | D:2      | Reached XP level 5. HP: 45/45 MP: 4/4
  1374 | D:2      | Reached *** piety under Trog
  1733 | D:3      | Reached XP level 6. HP: 47/52 MP: 5/5
  2627 | D:4      | Reached **** piety under Trog
  2628 | D:4      | Reached XP level 7. HP: 60/60 MP: 6/6
  2798 | D:4      | Reached skill level 5 in Fighting
  3281 | D:4      | Found Plog's Antique Armour Shop.
  3289 | D:4      | Bought a buckler for 94 gold pieces
  3339 | D:4      | Found a staircase to the Ecumenical Temple.
  3413 | D:4      | Reached skill level 1 in Shields
  3619 | D:5      | Entered Level 5 of the Dungeon
  3623 | D:5      | Found a sacrificial altar of Ru.
  3962 | D:5      | Reached skill level 5 in Armour
  4449 | D:5      | Reached XP level 8. HP: 68/68 MP: 7/7
  4517 | D:5      | Reached skill level 10 in Axes
  4867 | D:6      | Got a translucent chain mail
  4890 | D:6      | Identified the +4 chain mail of Baod {MR+} (You found it on
                  | level 6 of the Dungeon)
  4941 | D:6      | Reached ***** piety under Trog
  5349 | D:7      | Reached skill level 5 in Shields
  5349 | D:7      | Reached XP level 9. HP: 74/74 MP: 8/8
  5630 | D:7      | Noticed Harold
  5637 | D:7      | Received a gift from Trog
  5651 | D:7      | Killed Harold
  6403 | D:8      | Found a sand-covered staircase.
  6424 | Ossuary  | Entered an ossuary
  6670 | Ossuary  | Noticed Menkaure
  6701 | Ossuary  | Killed Menkaure
  6821 | D:8      | Reached XP level 10. HP: 84/86 MP: 9/9
  7114 | D:8      | Received a gift from Trog
  7532 | D:9      | Noticed Grum
  7532 | D:9      | Noticed a two-headed ogre
  7652 | D:9      | Noticed a two-headed ogre
  7664 | D:9      | Killed a two-headed ogre
  7672 | D:9      | Killed a two-headed ogre
  7705 | D:9      | Killed Grum
  7794 | D:9      | Noticed Gastronok
  7821 | D:9      | Killed Gastronok
  7821 | D:9      | Reached skill level 10 in Armour
  7821 | D:9      | Reached XP level 11. HP: 77/97 MP: 10/10
  8123 | D:9      | Reached skill level 15 in Axes
  8462 | D:10     | Entered Level 10 of the Dungeon
  8929 | D:10     | Noticed Nergalle
  8961 | D:10     | Killed Nergalle
  9213 | D:10     | Found a staircase to the Orcish Mines.
  9564 | D:11     | Found Puoxkib's Food Shoppe.
  9585 | D:11     | Noticed Maurice
  9599 | D:11     | Killed Maurice
  9606 | D:11     | Reached skill level 1 in Evocations
  9684 | D:11     | Reached skill level 10 in Fighting
  9990 | D:11     | Found a staircase to the Lair.
 10055 | D:11     | Reached ****** piety under Trog
 10716 | D:12     | Noticed a two-headed ogre
 10717 | D:12     | Noticed a two-headed ogre
 10719 | D:12     | Noticed a two-headed ogre
 10729 | D:12     | Killed a two-headed ogre
 10737 | D:12     | Noticed an ogre mage
 10740 | D:12     | Noticed a two-headed ogre
 10742 | D:12     | Killed a two-headed ogre
 10742 | D:12     | Noticed a two-headed ogre
 10748 | D:12     | Noticed a two-headed ogre
 10788 | D:13     | Reached XP level 12. HP: 40/110 MP: 13/13
 11132 | D:13     | Noticed a centaur warrior
 11159 | D:13     | Killed a centaur warrior
 11171 | D:13     | HP: 4/112 [polar bear (shapeshifter) (19)]
 11174 | D:13     | Received a gift from Trog
 11518 | D:12     | Noticed Frances
 11752 | D:12     | Killed a two-headed ogre
 11759 | D:12     | Killed a two-headed ogre
 11770 | D:12     | Killed an ogre mage
 11773 | D:12     | Killed a two-headed ogre
 11777 | D:12     | Killed a two-headed ogre
 12122 | D:12     | Killed Frances
 12122 | D:12     | Reached skill level 5 in Evocations
 12719 | Lair:1   | Entered Level 1 of the Lair of Beasts
 12897 | Lair:1   | Got a heavily runed scale mail
 12910 | Lair:1   | Identified the +5 scale mail of Somewhere Else {rF+ MP+9
                  | Dex+3} (You found it on level 1 of the Lair of Beasts)
 12949 | Lair:1   | Noticed a six-headed hydra
 13021 | D:11     | Killed a six-headed hydra
 13247 | Lair:1   | Noticed a six-headed hydra
 13252 | Lair:1   | Killed a six-headed hydra
 13320 | Lair:1   | Got a translucent marble ring
 13322 | Lair:1   | Identified the ring of the Barracuda {Fire rN++ Dex+2} (You
                  | found it on level 1 of the Lair of Beasts)
 13354 | Lair:1   | Reached XP level 13. HP: 123/123 MP: 16/16
 14029 | Lair:2   | Found a staircase to the Swamp.
 14083 | Lair:2   | Found a hole to the Spider Nest.
 15264 | Lair:4   | Received a gift from Trog
 15359 | Lair:4   | Reached skill level 15 in Fighting
 16334 | Lair:5   | Found a frozen archway.
 16347 | Lair:5   | Noticed Nessos
 16367 | Lair:5   | Killed Nessos
 16927 | Lair:6   | Entered Level 6 of the Lair of Beasts
 17019 | Lair:6   | Reached XP level 14. HP: 116/135 MP: 17/17
 17163 | Lair:6   | Found a viscous altar of Jiyva.
 17164 | Lair:6   | Found a staircase to the Slime Pits.
 17202 | Lair:6   | Reached skill level 15 in Armour
 17731 | Lair:6   | Found an ornate altar of the Wu Jian Council.
 18870 | Orc:1    | Entered Level 1 of the Orcish Mines
 19116 | Orc:2    | Entered Level 2 of the Orcish Mines
 19119 | Orc:2    | Noticed a stone giant
 19128 | Orc:2    | Killed a stone giant
 19366 | Orc:2    | Found Sumis's Jewellery Boutique.
 19372 | Orc:2    | Received a gift from Trog
 19402 | Orc:2    | Found Umixi's Distillery.
 19421 | Orc:2    | Bought a potion of berserk rage for 60 gold pieces
 19421 | Orc:2    | Bought a potion of magic for 96 gold pieces
 19430 | Orc:2    | Found a roughly hewn altar of Beogh.
 19451 | Orc:2    | Found Reugito's Distillery.
 19451 | Orc:2    | Found Topaecus's Book Boutique.
 19677 | Orc:2    | Found a roughly hewn altar of Beogh.
 19727 | Orc:2    | Found a staircase to the Elven Halls.
 19814 | Orc:2    | Reached XP level 15. HP: 116/144 MP: 18/18
 20183 | Orc:1    | Noticed Sonja
 20193 | Orc:1    | Killed Sonja
 20314 | Orc:1    | Noticed an orc warlord
 20495 | Orc:2    | Killed an orc warlord
 20684 | Orc:1    | Found a runed translucent gate.
 20684 | Orc:1    | Found a runed translucent gate.
 20684 | Orc:1    | Found a runed translucent gate.
 20698 | Orc:1    | Noticed Juep Idu's ghost (journeyman DDFi)
 20705 | Orc:1    | Found an iron altar of Okawaru.
 21091 | Orc:1    | Killed Juep Idu's ghost
 21453 | D:13     | Noticed Urug
 21468 | D:13     | Killed Urug
 21786 | D:13     | Reached skill level 10 in Shields
 21838 | D:13     | You fall into a shaft and drop 2 floors!
 21838 | D:15     | Entered Level 15 of the Dungeon
 22192 | D:14     | Found Lahugiar's Distillery.
 22250 | D:14     | Got a pair of smoking boots
 22256 | D:14     | Identified the +0 pair of boots of the Peasants {Str+2}
                  | (You found it on level 14 of the Dungeon)
 22305 | D:14     | Found a gate to the Vaults.
 22549 | D:14     | Found a portal to a secret trove of treasure.
 22550 | D:14     | Noticed Snorg
 22563 | D:14     | Killed Snorg
 22737 | D:15     | Found a runed translucent gate.
 22738 | D:15     | Found a runed translucent gate.
 22739 | D:15     | Found a runed translucent gate.
 22776 | D:15     | Noticed Inchmeat's ghost (journeyman HOGl)
 23330 | Depths:1 | Entered Level 1 of the Depths
 23713 | Elf:1    | Entered Level 1 of the Elven Halls
 23754 | Elf:1    | Received a gift from Trog
 23762 | Elf:1    | Found Soequr's Antique Armour Emporium.
 23770 | Elf:1    | Bought a jewelled cloak for 342 gold pieces
 23770 | Elf:1    | Bought a pair of faintly humming gloves for 342 gold pieces
 23781 | Elf:1    | Identified the +2 pair of gloves "Susik" {rC+ Str-5 Slay+2}
                  | (You bought it in a shop on level 1 of the Elven Halls)
 23791 | Elf:1    | Identified the cursed +0 cloak of Hyurugeh {Dex+8} (You
                  | bought it in a shop on level 1 of the Elven Halls)
 23845 | Elf:1    | Reached XP level 16. HP: 155/155 MP: 19/19
 23977 | Elf:1    | Noticed a Brimstone Fiend
 24242 | Elf:1    | Found a burning altar of Makhleb.
 24905 | Elf:1    | Got a vibrating bone ring
 24911 | Elf:1    | Identified the ring of Cudar {rElec rC+ rN+ Dex-3 Stlth-}
                  | (You found it on level 1 of the Elven Halls)
 25158 | Elf:2    | Received a gift from Trog
 25709 | Elf:2    | Reached skill level 5 in Dodging
 25890 | Elf:2    | Found the +8 autumn katana {slice, Clar}
 25894 | Elf:2    | Found a huge runed translucent gate.
 25894 | Elf:2    | Found a huge runed translucent gate.
 25894 | Elf:2    | Found a huge runed translucent gate.
 25917 | Elf:2    | Got a faintly glowing war axe
 25918 | Elf:2    | Identified the +8 war axe of the Absolute Madman {protect,
                  | *Corrode +Blink rC+ Int+3} (You found it on level 2 of the
                  | Elven Halls)
 25919 | Elf:2    | Found a huge runed translucent gate.
 25921 | Elf:2    | Found a huge runed translucent gate.
 26138 | Elf:2    | Noticed a deep elf blademaster
 26146 | Elf:2    | Killed a deep elf blademaster
 26171 | Elf:2    | Received a gift from Trog
 26305 | Elf:2    | Reached XP level 17. HP: 115/166 MP: 20/20
 26348 | Elf:2    | Noticed Donald
 26364 | Elf:2    | Killed Donald
 26505 | Elf:3    | Entered Level 3 of the Elven Halls
 26530 | Elf:3    | Got an encrusted scale mail
 26533 | Elf:3    | Identified the +4 scale mail of the Ban {*Slow +Inv Str+3
                  | Slay+5} (You found it on level 3 of the Elven Halls)
 26550 | Elf:3    | Found a runed translucent gate.
 26550 | Elf:3    | Found a runed translucent gate.
 26550 | Elf:3    | Found a runed translucent gate.
 26556 | Elf:3    | Noticed a deep elf master archer
 26557 | Elf:3    | Noticed billybob's ghost (journeyman GrFi)
 26733 | Elf:3    | Got a pair of twisted gloves
 26770 | Elf:3    | Identified the +2 pair of gloves of Mokidu {Int+7} (You
                  | found it on level 3 of the Elven Halls)
 26966 | Elf:3    | Found a radiant altar of Vehumet.
 26998 | Elf:3    | Noticed a deep elf blademaster
 27019 | Elf:3    | Killed a deep elf blademaster
 27019 | Elf:3    | Received a gift from Trog
 27025 | Elf:3    | Noticed a deep elf blademaster
 27191 | Elf:3    | Killed a deep elf blademaster
 27542 | Elf:3    | Noticed a deep elf master archer
 27542 | Elf:3    | Identified the cursed +3 hand axe "Zatonn" {venom, Int+2}
 27585 | Elf:3    | Killed a deep elf master archer
 27668 | Elf:3    | Identified the +7 chain mail of the Equinox {rC+ Str-5
                  | Dex+3}
 27697 | Elf:3    | Reached skill level 15 in Shields
 27720 | Elf:3    | Identified the +5 scythe of Ziklar {slice, rC+ Int+2}
 27790 | Elf:3    | Noticed a deep elf master archer
 27792 | Elf:3    | Identified the ring "Idisemih" {rCorr Int+5}
 27798 | Elf:3    | Killed a deep elf master archer
 28101 | Elf:3    | Got a bone whip
 28107 | Elf:3    | Identified the Catalogue of Ghastly Hexes
 28120 | Elf:3    | Identified the cursed +0 whip of Sulphur {vamp, rPois rF++
                  | Int+5} (You found it on level 3 of the Elven Halls)
 28207 | Elf:3    | Found an iron altar of Okawaru.
 28248 | Elf:3    | Killed billybob's ghost
 28253 | Elf:3    | Killed a deep elf master archer
 28253 | Elf:3    | Reached XP level 18. HP: 176/176 MP: 21/21
 28549 | Swamp:1  | Entered Level 1 of the Swamp
 28631 | Swamp:1  | Received a gift from Trog
 28795 | Swamp:1  | Noticed Josephine
 28814 | Swamp:1  | Killed Josephine
 29557 | Swamp:1  | Identified a scroll of acquirement
 29561 | Swamp:1  | Got a pair of ichor-stained boots
 29562 | Swamp:1  | Identified the +1 pair of boots of Xarenu Liwo {rElec MR+
                  | Int+3} (You acquired it on level 1 of the Swamp)
 30481 | Swamp:3  | Reached skill level 10 in Dodging
 31104 | Swamp:4  | Entered Level 4 of the Swamp
 31105 | Swamp:4  | Noticed Mara
 31255 | Swamp:4  | Noticed Nikola
 31414 | Swamp:4  | Noticed Rwitter's illusion
 31517 | Swamp:4  | Noticed Kirke
 31532 | Swamp:4  | Killed Kirke
 32018 | Swamp:4  | Killed Mara
 32155 | Swamp:4  | Killed Nikola
 32191 | Swamp:4  | Received a gift from Trog
 32385 | Swamp:4  | Got a decaying rune of Zot
 33043 | Vaults:1 | Entered Level 1 of the Vaults
 33091 | Vaults:1 | Reached XP level 19. HP: 174/185 MP: 22/22
 33429 | Vaults:1 | Received a gift from Trog
 33666 | Vaults:1 | Identified the cursed +2 scythe "Ylacoa" {drain, rPois}
 34165 | Vaults:1 | You fall into a shaft and drop 1 floor!
 34686 | Vaults:2 | Received a gift from Trog
 34978 | Vaults:2 | Found a staircase to the Crypt.
 35627 | Vaults:3 | Reached skill level 15 in Dodging
 35850 | Vaults:3 | Reached XP level 20. HP: 197/198 MP: 21/23
 36016 | Vaults:3 | Received a gift from Trog
 36669 | Vaults:3 | Found a shimmering altar of Xom.
 36979 | Vaults:3 | Found a runed translucent gate.
 36979 | Vaults:3 | Found a runed translucent gate.
 36979 | Vaults:3 | Found a runed translucent gate.
 36981 | Vaults:3 | Noticed colesbury's ghost (adept TrMo)
 36981 | Vaults:3 | Noticed Yjimoseergh's ghost (adept SpFE)
 37149 | Vaults:3 | Killed colesbury's ghost
 37161 | Vaults:3 | Killed Yjimoseergh's ghost
 37523 | Vaults:4 | Noticed Margery
 37629 | Vaults:4 | Noticed Sojobo
 37652 | Vaults:4 | Killed Sojobo
 37839 | Vaults:4 | Received a gift from Trog
 38376 | Vaults:4 | Killed Margery
 38416 | Vaults:4 | Noticed Frederick
 38426 | Vaults:4 | Killed Frederick
 39369 | Depths:1 | Found a gateway to Hell.
 39648 | Depths:1 | Found a runed translucent gate.
 39648 | Depths:1 | Found a runed translucent gate.
 39648 | Depths:1 | Found a runed translucent gate.
 39821 | Depths:2 | Reached XP level 21. HP: 207/207 MP: 24/24
 40164 | Depths:2 | Received a gift from Trog
 40683 | Depths:2 | You fall into a shaft and drop 1 floor!
 40847 | Depths:3 | Received a gift from Trog
 41751 | Depths:3 | You fall into a shaft and drop 1 floor!
 41772 | Depths:4 | Found a one-way gate to the infinite horrors of the Abyss.
 42748 | Depths:3 | Received a gift from Trog
 43266 | Depths:3 | Found a gateway to a ziggurat.
 43370 | Depths:3 | Reached XP level 22. HP: 195/217 MP: 25/25
 43380 | Depths:3 | Found a one-way gate leading to the halls of Pandemonium.
 43715 | Depths:4 | Found Woig's Gadget Boutique.
 43718 | Depths:4 | Found Vasomu's Jewellery Emporium.
 43728 | Depths:4 | Found Gaekhloa's Gadget Boutique.
 43943 | Depths:4 | Paralysed by a floating eye for 3 turns
 43977 | Depths:3 | Received a gift from Trog
 44991 | Depths:5 | Entered Level 5 of the Depths
 45228 | Depths:5 | Received a gift from Trog
 45978 | Depths:5 | Noticed a golden dragon
 45995 | Depths:5 | Killed a golden dragon
 45996 | Depths:5 | Found a gate to the Realm of Zot.
 46455 | Vaults:5 | Entered Level 5 of the Vaults
 46485 | Vaults:5 | Reached XP level 23. HP: 220/227 MP: 27/27
 46804 | Vaults:5 | Received a gift from Trog
 46887 | Vaults:5 | Found Addinuef's Book Shoppe.
 47067 | Vaults:5 | Identified the +7 long sword of Untruth {drain, rC+ Dex+3}
 47067 | Vaults:5 | Identified the ring of Rivij {MR++ Int+4 Stlth-}
 47436 | Vaults:5 | Received a gift from Trog
 47667 | Vaults:5 | Identified the Grimoire of the Unstable Frostbite
 47911 | Vaults:5 | Got a silver rune of Zot
 47914 | Vaults:5 | Got a spiked plate armour
 47916 | Vaults:5 | Identified the +7 plate armour of Orus {+Blink rElec Dex+2}
                  | (You found it on level 5 of the Vaults)
 48789 | Spider:1 | Entered Level 1 of the Spider Nest
 49098 | Spider:1 | Found a runed translucent door.
 49100 | Spider:1 | Noticed krigyl's ghost (journeyman MiBe)
 49127 | Spider:1 | Killed krigyl's ghost
 49568 | Spider:1 | Received a gift from Trog
 50046 | Spider:2 | Noticed Louise
 50066 | Spider:2 | Killed Louise
 50087 | Spider:2 | Reached XP level 24. HP: 238/238 MP: 28/28
 50860 | Spider:3 | Noticed Arachne
 50878 | Spider:3 | Killed Arachne
 51031 | Spider:3 | Noticed Jorgrun
 51042 | Spider:3 | Received a gift from Trog
 51052 | Spider:3 | Killed Jorgrun
 51299 | Spider:4 | Entered Level 4 of the Spider Nest
 51780 | Spider:4 | Received a gift from Trog
 51829 | Spider:4 | Reached skill level 10 in Evocations
 51896 | Spider:4 | Got a gossamer rune of Zot
 52741 | Hell     | Entered the Vestibule of Hell
 52741 | Hell     | Noticed Geryon
 53938 | Hell     | Received a gift from Trog
 54316 | Hell     | Killed Geryon
 54536 | Hell     | Found a gateway to the ashen valley of Gehenna.
 54611 | Hell     | Found a gateway to the Iron City of Dis.
 54731 | Hell     | Found a gateway to the decaying netherworld of Tartarus.
 54791 | Dis:1    | Entered Level 1 of the Iron City of Dis
 55140 | Dis:1    | Received a gift from Trog
 55500 | Dis:1    | Reached XP level 25. HP: 50/248 MP: 7/30
 55915 | Geh:1    | Entered Level 1 of Gehenna
 55969 | Geh:1    | Received a gift from Trog
 56487 | Geh:2    | Received a gift from Trog
 57191 | Zot:1    | Entered Level 1 of the Realm of Zot
 57235 | Depths:5 | Gained mutation: Your magical capacity is low. (-10% MP)
                  | [potion of mutation]
 57235 | Depths:5 | Gained mutation: You have a pair of large horns on your
                  | head. [potion of mutation]
 57236 | Depths:5 | Lost mutation: Your magical capacity is low. (-10% MP)
                  | [potion of mutation]
 57236 | Depths:5 | Lost mutation: You have a pair of large horns on your head.
                  | [potion of mutation]
 57236 | Depths:5 | Gained mutation: You are partially covered in slimy green
                  | scales. (AC +2) [potion of mutation]
 57236 | Depths:5 | Gained mutation: You evolve. [potion of mutation]
 57413 | Zot:1    | Found a transporter.
 57508 | Zot:1    | Found a transporter.
 57511 | Zot:1    | Got a fine amber ring
 57514 | Zot:1    | Got a scorched amber ring
 57529 | Zot:1    | Got a brightly glowing steel amulet
 57647 | Zot:1    | Identified the amulet of Trepidation {Gourm Str+3} (You
                  | found it on level 1 of the Realm of Zot)
 57648 | Zot:1    | Identified the ring "Poho" {+Inv MR+ Int+3 Dex+4} (You
                  | found it on level 1 of the Realm of Zot)
 57649 | Zot:1    | Identified the ring of Weater {rPois rN+ EV+2 Int+2} (You
                  | found it on level 1 of the Realm of Zot)
 58261 | Zot:2    | Received a gift from Trog
 58612 | Zot:2    | Found the +3 salamander hide armour {+Rage rF++}
 58644 | Zot:2    | Noticed a Killer Klown
 58644 | Zot:2    | Noticed a Killer Klown
 58671 | Zot:2    | Killed a Killer Klown
 58673 | Zot:2    | Noticed a Killer Klown
 58689 | Zot:2    | Killed a Killer Klown
 58702 | Zot:2    | Killed a Killer Klown
 58816 | Zot:2    | Noticed an orb of fire
 58816 | Zot:2    | Gained mutation: You are frail. (-10% HP) [an orb of fire]
 58844 | Zot:2    | Gained mutation: You are dopey. (Int -2) [an orb of fire]
 58845 | Zot:2    | Killed an orb of fire
 58966 | Zot:2    | Reached XP level 26. HP: 219/232 MP: 30/30
 59030 | Zot:2    | Lost mutation: You are frail. (-10% HP) [potion of
                  | mutation]
 59030 | Zot:2    | Lost mutation: You are partially covered in slimy green
                  | scales. (AC +2) [potion of mutation]
 59030 | Zot:2    | Lost mutation: You evolve. [potion of mutation]
 59030 | Zot:2    | Gained mutation: You can translocate small distances at
                  | will. [potion of mutation]
 59030 | Zot:2    | Gained mutation: You are resistant to electric shocks.
                  | (rElec) [potion of mutation]
 59030 | Zot:2    | Gained mutation: You possess an exceptional clarity of
                  | mind. [potion of mutation]
 59031 | Zot:2    | Lost mutation: You can translocate small distances at will.
                  | [potion of mutation]
 59031 | Zot:2    | Lost mutation: You possess an exceptional clarity of mind.
                  | [potion of mutation]
 59031 | Zot:2    | Lost mutation: You are dopey. (Int -2) [potion of mutation]
 59031 | Zot:2    | Lost mutation: You are resistant to electric shocks.
                  | (rElec) [potion of mutation]
 59031 | Zot:2    | Gained mutation: You expend magic power (3 MP) to
                  | strengthen your wands. [potion of mutation]
 59031 | Zot:2    | Gained mutation: You are agile. (Dex +2) [potion of
                  | mutation]
 59771 | Zot:3    | Received a gift from Trog
 61248 | Zot:4    | Noticed an ancient lich
 61341 | Zot:4    | Received a gift from Trog
 61368 | Zot:3    | Killed an ancient lich
 61934 | Zot:4    | Noticed an orb of fire
 61937 | Zot:4    | Gained mutation: You have supernaturally acute eyesight.
                  | (SInv) [an orb of fire]
 61940 | Zot:4    | Gained mutation: You are dopey. (Int -2) [an orb of fire]
 61947 | Zot:4    | Gained mutation: You are frail. (-10% HP) [an orb of fire]
 61962 | Zot:4    | Killed an orb of fire
 61962 | Zot:4    | Reached XP level 27. HP: 175/243 MP: 14/30
 62268 | Zot:4    | Reached skill level 27 in Fighting
 63206 | Zot:5    | Entered Level 5 of the Realm of Zot
 63214 | Zot:5    | Received a gift from Trog
 63666 | Zot:5    | Noticed an ancient lich
 63668 | Zot:5    | Noticed an ancient lich
 63670 | Zot:5    | Noticed an orb of fire
 63672 | Zot:5    | Noticed an ancient lich
 63678 | Zot:5    | Noticed an orb of fire
 63688 | Zot:5    | Noticed an ancient lich
 63691 | Zot:5    | Gained mutation: You are very frail. (-20% HP) [an orb of
                  | fire]
 63701 | Zot:4    | Killed an ancient lich
 63727 | Zot:4    | Gained mutation: Armour fits poorly on your strangely
                  | shaped body. [an orb of fire]
 63736 | Zot:4    | Killed an orb of fire
 63949 | Zot:5    | Noticed an ancient lich
 63949 | Zot:5    | Noticed an ancient lich
 63955 | Zot:5    | Noticed an ancient lich
 63968 | Zot:4    | Killed an ancient lich
 63971 | Zot:4    | Killed an ancient lich
 63990 | Zot:4    | Killed an ancient lich
 64366 | Zot:5    | Noticed an ancient lich
 64375 | Zot:5    | Noticed an ancient lich
 64388 | Zot:4    | Killed an ancient lich
 64389 | Zot:4    | Killed an ancient lich
 64790 | Zot:4    | Lost mutation: You are very frail. (-20% HP) [potion of
                  | mutation]
 64790 | Zot:4    | Lost mutation: You expend magic power (3 MP) to strengthen
                  | your wands. [potion of mutation]
 64790 | Zot:4    | Lost mutation: You are dopey. (Int -2) [potion of mutation]
 64790 | Zot:4    | Gained mutation: You have large cloven feet. [potion of
                  | mutation]
 64790 | Zot:4    | Gained mutation: You have a beak for a mouth. [potion of
                  | mutation]
 64790 | Zot:4    | Gained mutation: You have a pair of large horns on your
                  | head. [potion of mutation]
 64791 | Zot:4    | Lost mutation: You have large cloven feet. [potion of
                  | mutation]
 64791 | Zot:4    | Lost mutation: Armour fits poorly on your strangely shaped
                  | body. [potion of mutation]
 64791 | Zot:4    | Lost mutation: You have a pair of large horns on your head.
                  | [potion of mutation]
 64791 | Zot:4    | Lost mutation: You have supernaturally acute eyesight.
                  | (SInv) [potion of mutation]
 64791 | Zot:4    | Gained mutation: You expend magic power (3 MP) to
                  | strengthen your wands. [potion of mutation]
 64791 | Zot:4    | Gained mutation: You are weak. (Str -2) [potion of
                  | mutation]
 64791 | Zot:4    | Gained mutation: You have supernaturally acute eyesight.
                  | (SInv) [potion of mutation]
 64792 | Zot:4    | Lost mutation: You are weak. (Str -2) [potion of mutation]
 64792 | Zot:4    | Lost mutation: You expend magic power (3 MP) to strengthen
                  | your wands. [potion of mutation]
 64792 | Zot:4    | Lost mutation: You have supernaturally acute eyesight.
                  | (SInv) [potion of mutation]
 64792 | Zot:4    | Gained mutation: Your muscles are strong. (Str +2) [potion
                  | of mutation]
 64792 | Zot:4    | Gained mutation: Your body sometimes deteriorates upon
                  | taking damage. [potion of mutation]
 64792 | Zot:4    | Lost mutation: You are frail. (-10% HP) [potion of
                  | mutation]
 64792 | Zot:4    | Gained mutation: Your movements are slightly less
                  | encumbered by armour. (ER -2) [potion of mutation]
 64812 | Zot:4    | Killed an ancient lich
 64815 | Zot:4    | Killed an ancient lich
 65135 | Zot:5    | Killed an ancient lich
 65150 | Zot:5    | Noticed a juggernaut
 65150 | Zot:5    | a Killer Klown changed into a juggernaut
 65169 | Zot:5    | Killed a juggernaut
 65427 | Zot:5    | Noticed an ancient lich
 65447 | Zot:5    | Killed an ancient lich
 65482 | Zot:5    | Noticed an ancient lich
 65502 | Zot:5    | Killed an ancient lich
 65542 | Zot:5    | Received a gift from Trog
 65656 | Zot:5    | Got the Orb of Zot
 65762 | Zot:5    | Noticed Ycsogre the pandemonium lord
 66083 | Depths:3 | Noticed Doxa the pandemonium lord
 66086 | Depths:3 | Gained mutation: You have an increased reservoir of magic.
                  | (+10% MP) [a cacodemon]
 66097 | Depths:3 | Noticed an ancient lich
 66099 | Depths:3 | Killed Doxa the pandemonium lord
 66120 | Depths:3 | Killed an ancient lich
 66183 | Depths:2 | Noticed Hileth the pandemonium lord
 66204 | Depths:2 | Killed Hileth the pandemonium lord
 66264 | Depths:1 | Noticed Suxum the pandemonium lord
 66273 | Depths:1 | Reached skill level 27 in Armour
 66368 | D:15     | Killed Suxum the pandemonium lord
 66587 | D:5      | Noticed Xugowauti the pandemonium lord
 66730 | D:$      | Escaped with the Orb!

Levels and vault maps discovered:
D:1:      tarquinn_simple_flora_water_a, layout_rooms, st_stairs_1,
          hangedman_decor_growths, minmay_tree_intersection, cheibriados_altar_1
D:2:      minmay_diamond_boxcup, layout_basic, uniq_terence, uniq_natasha
D:3:      layout_basic, first_ration
D:4:      layout_basic, minmay_temple_entry_nine_rooms, serial_shops, shop
D:5:      kennysheep_windowed_halls, layout_layer_cave, lemuel_crystal_altar
D:6:      layout_rooms
D:7:      layout_gridville, uniq_harold
D:8:      layout_gridville, enter_ossuary_1
D:9:      layout_loops_ring, uniq_gastronok, uniq_joseph, uniq_grum
D:10:     layout_small_grid, david_orc_3, uniq_nergalle
D:11:     layout_cave_pools, erik_lair_island, serial_shops, shop, uniq_maurice
D:12:     layout_basic, gammafunk_ghost_necromancy, uniq_frances
D:13:     layout_loops_ring, grunt_livestock, uniq_urug
D:14:     layout_rooms, david_vaults_5, serial_shops, shop, enter_trove_6,
          lemuel_flamethrower_3, uniq_snorg
D:15:     hangedman_depths_entry_try_elsewhere_first, layout_irregular_city,
          minmay_misc_feat_enclosed, gammafunk_ghost_icy
Lair:1:   layout_hall_layers, grunt_megastairs_3
Lair:2:   layout_cave_pods, skrybe_swamp_entry_bodies, dummy_spider_entry,
          minmay_stone_trees_small
Lair:3:   layout_chaotic_city
Lair:4:   layout_loops_ring, beast_lair_carwin_10, grunt_megastairs_2,
          lemuel_fruit_tree
Lair:5:   layout_cave_pods, portal_ice_cave_entry_pillars_2, uniq_nessos
Lair:6:   evilmike_catoblepas_cave, layout_cave_shapes, slime_altar_1,
          basic_altar, lemuel_fruit_fields, grunt_megastairs_1
Swamp:1:  layout_falls_marsh, hangedman_swamp_diagram, swamp_pool1,
          st_swamp_mini, uniq_josephine
Swamp:2:  layout_basic_swamp, serial_swamp_ruin, hangedman_swamp_ruin_wall,
          evilmike_swamp_ruin_rubble_2
Swamp:3:  layout_basic_swamp, evilmike_swamp_ruin_house_6
Swamp:4:  swamp_alternative, layout_basic_swamp, swamp_pool5,
          nicolae_swamp_necromancer_hut, uniq_nikola, uniq_mara, uniq_kirke
Spider:1: layout_chambers, ebering_ghost_reflecting_pool
Spider:2: layout_spider_delve, drop_trap, uniq_louise
Spider:3: layout_spider_delve, nicolae_spider_cling_halls, uniq_arachne,
          uniq_jorgrun
Spider:4: grunt_spider_rune_circles
Orc:1:    layout_diamond_mine, gammafunk_ghost_fury_of_okawaru, uniq_sonja
Orc:2:    st_orc_town, layout_diamond_mine, basic_altar
Elf:1:    minmay_the_grid_triangle_9x9_rhombus_thin
          [minmay_the_grid_triangle_9x9_zippers_horizontal,
          minmay_the_grid_triangle_9x9_prize_top_heavy,
          minmay_the_grid_triangle_9x9_shrine,
          minmay_the_grid_triangle_9x9_windchime], layout_gridlike,
          serial_shops, shop, minmay_elf_crystal_heptagon
Elf:2:    layout_loops_ring, drop_trap, st_stairs_13, uniq_donald
Elf:3:    minmay_elf_hall_x, layout_loops_corners,
          gammafunk_ghost_fury_of_okawaru, basic_altar, hangedman_elven_ridges,
          guppyfry_elf_garden
Vaults:1: v_alt_pattern_4, vaults_room_guarded_vault, hangedman_vaults_unwind,
          vaults_mumra_minichess_inversion, v_misc_8, v_pattern_3,
          nicolae_vaults_yaktaur_gun_rack, hangedman_vaults_restitches,
          v_misc_32, nicolae_vaults_little_squares_6, layout_vaults_omnicross
Vaults:2: vaults_dpeg_diagonal, vaults_room_semicircle,
          nicolae_vaults_fighting_squares, nicolae_vaults_little_squares_1,
          vaults_room_boxed, minmay_crypt_entry_nasty_monster,
          nicolae_vaults_mini_display_case, hangedman_vaults_nails,
          layout_vaults_chaotic_city
Vaults:3: gammafunk_vaults_ghost_cemetery, vaults_room_grid,
          nicolae_vaults_ninety_degrees, ontoclasm_vaults_idyll,
          vaults_dpeg_ring, ontoclasm_vaults_shout, hangedman_vaults_hat,
          v_misc_8, vaults_standard_mumra_lines,
          ontoclasm_vaults_loading_screen, ontoclasm_vaults_pinch,
          nicolae_vaults_what_the_h, ontoclasm_vaults_decontamination,
          hangedman_vaults_slice, vaults_room_corners, layout_vaults_ring,
          basic_altar
Vaults:4: v_misc_4, ontoclasm_vaults_gateway, v_misc_11, layout_vaults_omnigrid,
          uniq_margery, uniq_frederick, uniq_sojobo
Vaults:5
Depths:1: layout_gridlike, hangedman_decor_opposing, grunt_hell_entry_dis_grunt,
          pandoras_box_mu
Depths:2: grunt_deathspiral_small, layout_gridville, lightli_too_deep,
          kennysheep_generic_room_11, serial_bayou_shore_b
Depths:3: radiant_caverns_a_rkd, hell_entry, pan_entry
Depths:4: kennysheep_ambush_hall, layout_cave_pools, hell_entry, abyss_entry,
          grunt_decor_mini_mirrors, onia_ninara_cookie,
          infiniplex_staircase_pillars_2, minmay_shop_grove, uniq_jory
Depths:5: grunt_zot_entry_hairpin, layout_basic, kennysheep_doodads, hell_entry
Hell
Dis:1:    layout_subdivisions
Geh:1:    layout_gehenna_lava_caves
Geh:2:    layout_gehenna_pools_box
Zot:1:    gammafunk_its_a_trap, layout_misc_corridors
Zot:2:    circus_mu, layout_misc_corridors, drop_trap
Zot:3:    layout_basic, grunt_megastairs_5
Zot:4:    hangedman_zot_vaults_quadrants, layout_cathedral_of_symmetry
Zot:5:    layout_basic

Skill      XL: |  1  2  3  4  5  6  7  8  9 10 11 12 13 14 15 16 17 18 19 20 21 22 23 24 25 26 27 |
---------------+----------------------------------------------------------------------------------+-----
Axes           | 4 5 6 7 8 9 11 13 14 15 16 17 18 | 18.0
Fighting       | 4 5 7 9 11 13 15 16 17 18 19 20 21 22 23 24 25 26 27 | 27.0
Armour         | 3 4 5 6 8 10 11 12 14 16 17 19 20 21 22 23 27 | 27.0
Shields        | 2 5 7 9 11 13 15 16 17 18 19 20 23 25 | 25.0
Evocations     | 3 5 6 7 9 10 | 10.9
Dodging        | 6 8 12 15 17 19 21 22 23 26 | 26.5

Action                   |  1- 3 |  4- 6 |  7- 9 | 10-12 | 13-15 | 16-18 | 19-21 | 22-24 | 25-27 || total
-------------------------+-------+-------+-------+-------+-------+-------+-------+-------+-------++-------
Melee: Hand axe          |    61 |   154 |   378 |   693 |   156 |       |       |       |       ||  1442
       Headbutt          |     8 |    31 |    77 |   185 |   347 |   396 |   587 |   738 |   872 ||  3241
       Morningstar       |       |       |       |     5 |    11 |       |       |       |       ||    16
       Broad axe         |       |       |       |       |   943 |   292 |       |       |       ||  1235
       War axe           |       |       |       |       |       |   553 |  1447 |  1943 |  2063 ||  6006
       Whip              |       |       |       |       |       |   238 |       |       |       ||   238
       Peck              |       |       |       |       |       |       |       |       |   128 ||   128
Invok: Berserk           |       |     2 |     3 |     3 |     2 |     2 |       |       |       ||    12
       Trog's Hand       |       |       |     1 |     5 |     5 |    15 |    10 |    16 |    30 ||    82
       Brothers in Arms  |       |       |       |     3 |    17 |     6 |     6 |       |       ||    32
 Abil: Evoke Blink       |       |       |       |       |       |       |       |       |     1 ||     1
Evoke: Wand              |     4 |     7 |     4 |    11 |     8 |       |     2 |     6 |     3 ||    45
       Phial of floods   |       |       |     1 |     1 |       |       |       |       |       ||     2
  Use: Scroll            |       |       |    11 |    10 |    11 |    17 |    11 |    12 |    15 ||    87
       Potion            |       |       |     2 |    10 |     3 |     8 |     8 |     4 |    19 ||    54
 Stab: Paralysed         |       |       |     7 |     5 |     4 |       |       |     4 |       ||    20
       Distracted        |       |       |       |     1 |       |     6 |     2 |     4 |       ||    13
       Invisible         |       |       |       |       |       |       |     2 |       |       ||     2
       Confused          |       |       |       |       |       |       |       |     2 |     2 ||     4
  Eat: Chunk             |       |     6 |    15 |    22 |    32 |    25 |    23 |    22 |    21 ||   166
       Ration            |       |       |     1 |     2 |     3 |     5 |     5 |     8 |     8 ||    32
Armor: Animal skin       |     5 |       |       |       |       |       |       |       |       ||     5
       Scale mail        |    16 |    53 |    34 |    15 |   401 |   323 |   326 |   137 |       ||  1305
       Chain mail        |       |       |    57 |   205 |       |       |       |       |       ||   262
       Gold dragon scale |       |       |       |       |       |       |       |   713 |   944 ||  1657
Dodge: Dodged            |    38 |    70 |   139 |   283 |   475 |   468 |   765 |  1403 |  1671 ||  5312
Block: Buckler           |       |       |    36 |   129 |   359 |   125 |       |       |       ||   649
       Shield            |       |       |       |       |       |   474 |   841 |  1838 |  2042 ||  5195
       Reflection        |       |       |       |       |       |    30 |    70 |    52 |    31 ||   183
